 Dungeon Crawl Stone Soup version 0.26.0-45-g9c1d065592 (webtiles) character file.

Game seed: 4757775754262070890

(classic levelgen) 210 thiole the Ducker (level 5, -2/31 HPs)
             Began as an Octopode Hedge Wizard on Feb 1, 2021.
             Slain by Natasha (3 damage)
             ... on level 3 of the Dungeon.
             The game lasted 00:02:42 (4158 turns).

thiole the Ducker (Octopode Hedge Wizard)           Turns: 4158, Time: 00:02:43

Health: -2/31      AC:  1    Str:  9    XL:     5   Next: 87%
Magic:  2/9        EV: 14    Int: 17    God:
Gold:   107        SH:  4    Dex: 12    Spells: 9/10 levels left

rFire    . . .     SeeInvis .   e - +0 short sword (drain)
rCold    . . .     Faith    .   i - +0 buckler
rNeg     . . .     Spirit   .   b - +0 hat
rPois    .         Reflect  .   m - amulet of the acrobat
rElec    .         Harm     .   (no ring)
rCorr    .         Rampage  .   (no ring)
Will     .....                  (no ring)
Stlth    +++.......             (no ring)
HPRegen  0.10/turn              (no ring)
MPRegen  0.11/turn              (no ring)
                                (no ring)
                                (no ring)

@: no status effects
A: almost no armour, stealthy swim, amphibious, 8 rings, constrict 8, camouflage
1, gelatinous body 1
a: no special abilities


You were on level 3 of the Dungeon.
You visited 1 branch of the dungeon, and saw 3 of its levels.

You collected 107 gold pieces.

Inventory:

Hand Weapons
 a - a +0 dagger
 e - a +0 short sword of draining (weapon)
Armour
 b - a +0 hat (worn)
 i - a +0 buckler (worn)
Jewellery
 m - an amulet of the acrobat (around mantle)
Scrolls
 f - 2 scrolls of fear {unknown}
 h - a scroll of noise {unknown}
 j - a scroll of teleportation
 l - 2 scrolls of remove curse
 n - a scroll of fog
 o - a scroll of enchant armour {unknown}
 q - a scroll of identify
 t - a scroll of amnesia {unknown}
 u - a scroll of magic mapping {unknown}
Potions
 c - 2 potions of brilliance {unknown}
 d - a potion of heal wounds
 g - a potion of flight
 k - a potion of attraction
 p - a potion of mutation {unknown}
 r - a potion of magic {unknown}
 s - a potion of haste {unknown}


   Skills:
 - Level 4.0 Dodging
 - Level 2.7 Stealth
 + Level 3.6 Shields
 - Level 3.0 Spellcasting
 - Level 2.0 Conjurations
 - Level 1.0 Summonings
 - Level 1.0 Translocations


You had 9 spell levels left.
You knew the following spells:

 Your Spells              Type           Power        Failure   Level
a - Magic Dart            Conj           36%          8%          1

Your spell library contained the following spells:

 Spells                   Type           Power        Failure   Level
 Blink                    Tloc           N/A          19%         2
 Call Imp                 Summ           6%           19%         2
 Slow                     Hex            2%           26%         2
 Conjure Flame            Conj/Fire      5%           34%         3
 Mephitic Cloud           Conj/Pois/Air  4%           38%         3


Dungeon Overview and Level Annotations

Branches:
Dungeon (3/15)

Altars:

Annotations:
D:3 Natasha, Sigmund


Innate Abilities, Weirdness & Mutations

You cannot wear most types of armour.
You are very stealthy in the water. (Stealth+)
You are amphibious.
You can wear up to eight rings at the same time.
You can use your tentacles to constrict eight enemies at once.
Your skin changes colour to match your surroundings (Stealth+).
Your rubbery body absorbs attacks. (AC +1, EV +1)


Message History

The magic dart hits you! Natasha completely misses you.
You see here a +0 dagger.
You hit Natasha but do no damage. You drain Natasha. You grab Natasha.
Your squeeze misses Natasha.
Natasha is moderately wounded.
You constrict Natasha. Natasha claws you.
You barely miss Natasha. You squeeze Natasha.
Natasha is moderately wounded.
You constrict Natasha. Natasha closely misses you.
You hit Natasha but do no damage. You drain Natasha.
Natasha is heavily wounded.
You constrict Natasha.
Natasha stares at you and mumbles some strange words.
The magic dart hits you!
* * * LOW HITPOINT WARNING * * *
You barely miss Natasha.
Natasha is severely wounded.
You constrict Natasha. Natasha claws you.
You die...

.# #.# ##.## #..#####. .###.#
#...# ###........ #...## #...#
####...####### ##.## #...#
#............# ..#.#
#####...#####.##.#..##.#..
.#.#####...........#.##.#..##.#..
.......................#...##....
.......#.......h...#.##.#).......
..####.###.#...#@###.##.......#..
..# #.# #.#...#.# #..)..........
... #.# #.#...#.# ###........##†
..# #.# #.#...#.# #.###.#####. ..
#.# #.##.##.# #.# #....... ..#
#.......# #.# #.###... ###
####.#### ... #...#..# ..#
###.#..# # .... #.....


You could see Natasha (drained).

Vanquished Creatures
  A bullfrog skeleton (D:3)
  Natasha (twice) (D:3)
  An orc wizard (D:3)
  2 adders (D:2)
  A worm (D:2)
  A dart slug (D:1)
  3 leopard geckos
  4 orcs (D:3)
  6 bats
  2 giant cockroaches (D:2)
  7 goblins
  8 hobgoblins
  6 jackals
  3 quokkas
  A ball python (D:1)
  4 frilled lizards
  6 kobolds
  26 rats
84 creatures vanquished.

Notes
Turn   | Place    | Note
-------+----------+-------------------------------------------
     0 | D:1      | thiole the Octopode Hedge Wizard began the quest for the
                  | Orb.
     0 | D:1      | Reached XP level 1. HP: 11/11 MP: 4/4
   300 | D:1      | Reached XP level 2. HP: 17/17 MP: 0/6
   879 | D:1      | Reached XP level 3. HP: 9/21 MP: 0/7
  1245 | D:1      | Reached skill level 3 in Dodging
  2003 | D:2      | Reached skill level 1 in Shields
  2212 | D:2      | Reached XP level 4. HP: 27/27 MP: 5/8
  3169 | D:3      | Reached XP level 5. HP: 31/31 MP: 3/9
  3402 | D:3      | Noticed Natasha
  3416 | D:3      | Killed Natasha
  3417 | D:3      | Reached skill level 4 in Dodging
  4055 | D:3      | Noticed Natasha
  4062 | D:3      | Killed Natasha
  4141 | D:3      | Noticed Sigmund
  4145 | D:3      | Noticed Natasha
  4157 | D:3      | HP: 1/31 [Natasha/magic dart (10)]
  4158 | D:3      | Slain by Natasha

Illustrated notes

Levels and vault maps discovered:
D:1:      minmay_arrival_four_loops, layout_basic, minivault_25
D:2:      layout_basic, st_stairs_6, minmay_pentomino_r2
D:3:      layout_loops_cross, minivault_27, minmay_rat_hole, uniq_jessica,
          uniq_natasha, uniq_crazy_yiuf_cottage, uniq_sigmund

Skill      XL: |  1  2  3  4  5 |
---------------+----------------+-----
Conjurations   | 2 |  2.0
Dodging        | 3 4 |  4.0
Shields        | 1 2 3 |  3.6
Stealth        | |  2.7
Spellcasting   | |  3.0
Summonings     | |  1.0
Translocations | |  1.0

Action                   |  1- 3 |  4- 6 || total
-------------------------+-------+-------++-------
Melee: Short sword       |    21 |    34 ||    55
       Constrict         |     4 |    10 ||    14
       Tentacles         |     1 |     5 ||     6
 Cast: Magic Dart        |    86 |    96 ||   182
  Use: Scroll            |       |     6 ||     6
       Potion            |       |     1 ||     1
 Stab: Sleeping          |       |     3 ||     3
Armor: Skin              |     3 |     3 ||     6
Dodge: Dodged            |    19 |    36 ||    55
Block: Buckler           |       |     7 ||     7
